 Dungeon Crawl Stone Soup version 0.29.0-7-g18a832c13a (webtiles) character file.

Game seed: 13547614505434832874

4258 Axelsxxd the Blocker (level 10, 0/82 HPs)
             Began as a Gnoll Fighter on Aug 31, 2022.
             Was a Priest of Okawaru.
             Succumbed to an orange demon's poison
             ... in a bailey.
             The game lasted 00:22:08 (9674 turns).

Axelsxxd the Blocker (Gnoll Fighter)                Turns: 9674, Time: 00:22:09

Health: 0/82       AC: 19    Str: 16 (17) XL:     10   Next: 31%
Magic:  18/18      EV:  8    Int:  7 (10) God:    Okawaru [***...]
Gold:   1201       SH: 20    Dex: 11 (12) Spells: 19/19 levels left

rFire   + . .      SeeInvis .   i - +2 war axe (flame)
rCold   . . .      Faith    .   C - +1 tower shield {rPois}
rNeg    . . .      Spirit   .   b - +0 scale mail
rPois   +          Reflect  +   x - +0 helmet
rElec   .          Harm     .   j - +0 cloak
rCorr   .          Rampage  .   E - +2 pair of gloves
Will    .....                   k - +0 pair of boots
Stlth   +.........              n - amulet of reflection
HPRegen 0.23/turn               h - +4 ring of protection
MPRegen 0.16/turn               c - ring of protection from fire

@: lethally poisoned (0 -> -5), flying, hasted, very quick
A: fangs 1, strong nose, distributed training
a: Renounce Religion, Heroism


You were in a bailey.
You worshipped Okawaru.
Okawaru was most pleased with you.
You visited 2 branches of the dungeon, and saw 8 of its levels.
You also visited: Bailey.

You collected 1201 gold pieces.

Inventory:

Hand Weapons
 i - a +2 war axe of flaming (weapon)
 A - the +9 staff of Wucad Mu {*channel}
   (You found it on level 4 of the Dungeon)

   It occasionally powers its wielder's spells, but with a chance of causing
   confusion or draining the wielder's intelligence.
   It becomes more likely to activate and less likely to backfire with increased
   Evocations skill.
 H - a +4 war axe
Missiles
 l - 3 poisoned darts (quivered)
 y - a curare-tipped dart
Armour
 b - a +0 scale mail (worn)
 j - a +0 cloak (worn)
 k - a +0 pair of boots (worn)
 x - a +0 helmet (worn)
 C - a +1 tower shield of poison resistance (worn)
 E - a +2 pair of gloves (worn)
Jewellery
 c - a ring of protection from fire (right hand)
 h - a +4 ring of protection (left hand)
 n - an amulet of reflection (around neck)
 G - an amulet of the acrobat
Wands
 z - a wand of iceblast (7)
Scrolls
 f - 2 scrolls of vulnerability
 g - a scroll of fog
 o - a scroll of magic mapping
 r - a scroll of teleportation
 v - 4 scrolls of enchant weapon
 D - 2 scrolls of poison
Potions
 a - a potion of berserk rage {unknown}
 d - 2 potions of might
 e - 4 potions of attraction
 m - a potion of lignification {unknown}
 q - a potion of degeneration
 t - a potion of cancellation {unknown}
 u - a potion of haste
Miscellaneous
 B - a lightning rod (inert)


   Skills:
 + Level 8.5 Fighting
 + Level 5.3 Short Blades
 + Level 5.3 Long Blades
 + Level 7.1 Axes
 + Level 5.3 Maces & Flails
 + Level 5.3 Polearms
 + Level 5.3 Staves
 + Level 5.3 Ranged Weapons
 + Level 5.3 Throwing
 + Level 8.5 Armour
 + Level 5.3 Dodging
 + Level 5.3 Stealth
 + Level 8.5 Shields
 + Level 5.3 Unarmed Combat
 + Level 5.3 Spellcasting
 + Level 4.4 Conjurations
 + Level 4.4 Hexes
 + Level 4.4 Summonings
 + Level 4.4 Necromancy
 + Level 4.4 Translocations
 + Level 4.4 Transmutations
 + Level 4.4 Fire Magic
 + Level 4.4 Ice Magic
 + Level 4.4 Air Magic
 + Level 4.4 Earth Magic
 + Level 4.4 Poison Magic
 + Level 5.9 Invocations
 + Level 5.3 Evocations


You had 19 spell levels left.
You didn't know any spells.
Your spell library contained the following spells:

 Spells                   Type           Power      Damage    Failure   Level
 Apportation              Tloc           16%        N/A       67%         1
 Foxfire                  Conj/Fire      32%        2x1d5     67%         1
 Magic Dart               Conj           32%        1d4       67%         1
 Necrotise                Necr           32%        1d5       67%         1
 Ensorcelled Hibernation  Hex/Ice        16%        N/A       82%         2
 Searing Ray              Conj           16%        2d5       82%         2
 Conjure Flame            Conj/Fire      8%         6-21      96%         3
 Ignite Poison            Fire/Tmut/Pois 8%         N/A       96%         3
 Inner Flame              Hex/Fire       8%         N/A       96%         3
 Spider Form              Tmut/Pois      8%         N/A       96%         3
 Anguish                  Hex/Necr       4%         N/A       100%        4
 Flame Wave               Conj/Fire      8%         2d5       100%        4
 Fulminant Prism          Conj/Hex       4%         3d6       100%        4
 Sticky Flame             Conj/Fire      8%         2d3       100%        4
 Summon Small Mammal      Summ           Unusable   N/A       N/A         1

Dungeon Overview and Level Annotations

Branches:
Dungeon (7/15)             Temple (1/1) D:5          Bailey (1/1)

Altars:
Ashenzari
Hepliaklqana
Makhleb
Nemelex Xobeh
Okawaru
Ru
Uskayaw
Wu Jian

Annotations:
D:4 2 runed translucent doors


Innate Abilities, Weirdness & Mutations

You have very sharp teeth.
Your uncanny sense of smell can sniff out nearby items.
Your experience applies equally to all skills.


Message History

Unknown command.
You slash the orc high priest! You burn the orc high priest.
The orc high priest is severely wounded.
You hit the hellwing but do no damage.
You feel extremely sick.
The orange demon stings you but does no damage.
The hellwing hits you.
* * * LOW HITPOINT WARNING * * *
The hellwing hits you.
* * * LOW HITPOINT WARNING * * *
You block the orc high priest's attack. The orange demon barely misses you.
You block the orc high priest's attack.
The hellwing hits you but does no damage. x2
* * * LOW HITPOINT WARNING * * *
You feel very sick.
The orc high priest hits you but does no damage.
There is an open door here.
As you read the scroll of fog, it crumbles to dust.
The scroll dissolves into smoke.
* * * LOW HITPOINT WARNING * * *
You feel very sick. You block the orc high priest's attack.
* * * LOW HITPOINT WARNING * * *
You feel very sick.
It was a potion of haste.
You feel yourself speed up.
* * * LOW HITPOINT WARNING * * *
You feel sick. You block the orange demon's attack.
It was a potion of degeneration.
There was something very wrong with that liquid.
You feel weakened.
You feel dopey.
You feel clumsy.
* * * LOW HITPOINT WARNING * * *
You feel sick.
It was a potion of flight.
You feel very buoyant.
You fly up into the air.
* * * LOW HITPOINT WARNING * * *
You feel sick. You block the orange demon's attack.
The orc high priest completely misses you.
It was a potion of magic.
Magic courses through your body.
You die...

#≈≈≈≈≈~.#..8.8..#....##....
#≈≈≈≈≈~∩........'._..##..⌠.
#≈≈≈≈≈~.#..8.8..#....##....
#≈≈≈≈≈~.#########....##....
#≈≈≈≈≈~.#..#.'..#....#####'
#≈≈≈≈≈~.#..#.#[[#....#.....
#≈≈≈≈≈~.#..'.#[['....#.....
#≈≈≈≈≈#.##############...##
#≈≈≈≈≈#.§§@#§§4.)).8.8)8.#.
#≈≈≈≈≈#.§§§o4o4.)#.......#.
#≈≈≈≈≈#'#§§###############.
#≈≈≈≈≈#.#§§'.............'.
#≈≈≈≈≈######~~~~~~~~~~~~~##
#≈≈≈≈≈≈≈≈≈≈≈≈≈≈≈≈≈≈≈≈≈≈≈≈≈≈
≈≈≈≈≈≈≈≈≈≈≈≈≈≈≈≈≈≈≈≈≈≈
≈≈≈≈≈≈≈≈≈≈≈≈≈≈≈≈≈≈≈≈≈≈
≈≈≈≈≈≈≈≈≈≈≈≈≈≈≈≈≈≈≈≈≈≈


You could see an orc high priest and an orange demon (summoned).

Vanquished Creatures
  An orc knight (Bailey)
  A kobold demonologist (Bailey)
  2 steam dragons (D:6)
  A black bear (D:6)
  An ice beast (D:4)
  11 orc warriors (Bailey)
  A sky beast (D:4)
  A centaur (D:6)
  A bullfrog (D:4)
  2 gnoll sergeants
  3 necrophages
  5 scorpions
  A jelly (D:5)
  6 wights
  5 electric eels (Bailey)
  2 hounds
  An orc priest (D:5)
  3 iguanas
  Terence (D:2)
  4 orc wizards
  Natasha (thrice) (D:2)
  13 gnolls
  5 adders
  A shadow imp (D:5)
  2 white imps
  An ufetubus (D:4)
  3 worms
  A dart slug (D:2)
  18 orcs
  13 endoplasms
  15 giant cockroaches
  12 goblins
  15 hobgoblins
  3 jackals (D:3)
  7 quokkas
  10 ball pythons
  2 bats
  3 frilled lizards
  3 kobolds
  4 rats (D:1)
187 creatures vanquished.

Notes
Turn   | Place    | Note
-------+----------+-------------------------------------------
     0 | D:1      | Axelsxxd the Gnoll Fighter began the quest for the Orb.
     0 | D:1      | Reached XP level 1. HP: 23/23 MP: 1/1
   139 | D:1      | Reached XP level 2. HP: 29/29 MP: 2/2
   375 | D:1      | Reached XP level 3. HP: 32/35 MP: 3/3
   637 | D:1      | Reached skill level 1 in Invocations
   769 | D:1      | Found a faded altar of an unknown god.
  1106 | D:2      | Reached skill level 1 in Short Blades
  1106 | D:2      | Reached skill level 1 in Long Blades
  1106 | D:2      | Reached skill level 1 in Maces & Flails
  1106 | D:2      | Reached skill level 1 in Polearms
  1106 | D:2      | Reached skill level 1 in Staves
  1106 | D:2      | Reached skill level 1 in Ranged Weapons
  1106 | D:2      | Reached skill level 1 in Throwing
  1106 | D:2      | Reached skill level 1 in Dodging
  1106 | D:2      | Reached skill level 1 in Stealth
  1106 | D:2      | Reached skill level 1 in Unarmed Combat
  1106 | D:2      | Reached skill level 1 in Spellcasting
  1106 | D:2      | Reached skill level 1 in Evocations
  1242 | D:2      | Noticed Terence
  1263 | D:2      | Killed Terence
  1264 | D:2      | Reached XP level 4. HP: 26/41 MP: 5/5
  1497 | D:2      | Reached skill level 1 in Conjurations
  1497 | D:2      | Reached skill level 1 in Hexes
  1497 | D:2      | Reached skill level 1 in Summonings
  1497 | D:2      | Reached skill level 1 in Necromancy
  1497 | D:2      | Reached skill level 1 in Translocations
  1497 | D:2      | Reached skill level 1 in Transmutations
  1497 | D:2      | Reached skill level 1 in Fire Magic
  1497 | D:2      | Reached skill level 1 in Ice Magic
  1497 | D:2      | Reached skill level 1 in Air Magic
  1497 | D:2      | Reached skill level 1 in Earth Magic
  1497 | D:2      | Reached skill level 1 in Poison Magic
  1572 | D:2      | Noticed Natasha
  1578 | D:2      | Killed Natasha
  1606 | D:2      | Noticed Natasha
  1617 | D:2      | Killed Natasha
  1618 | D:2      | Reached XP level 5. HP: 42/47 MP: 7/7
  1665 | D:2      | Noticed Natasha
  1672 | D:2      | Killed Natasha
  2841 | D:4      | Reached skill level 5 in Axes
  2841 | D:4      | Reached XP level 6. HP: 30/53 MP: 8/8
  3013 | D:4      | Noticed a sky beast
  3026 | D:4      | Killed a sky beast
  3101 | D:4      | Found a broken altar of Ashenzari.
  3144 | D:4      | Found a sparkling altar of Nemelex Xobeh.
  3449 | D:4      | Reached XP level 7. HP: 51/60 MP: 10/10
  3526 | D:4      | Found a large runed translucent door.
  3526 | D:4      | Found a large runed translucent door.
  3554 | D:4      | Found the +9 staff of Wucad Mu {*channel}
  3624 | D:4      | Found a large runed translucent door.
  3624 | D:4      | Found a large runed translucent door.
  3993 | D:5      | Entered Level 5 of the Dungeon
  4144 | D:5      | Reached XP level 8. HP: 44/67 MP: 12/12
  4262 | D:5      | Found a staircase to the Ecumenical Temple.
  4274 | Temple   | Entered the Ecumenical Temple
  4286 | Temple   | Became a worshipper of Warmaster Okawaru
  5497 | D:6      | Reached * piety under Okawaru
  5926 | D:6      | Reached XP level 9. HP: 71/73 MP: 13/15
  6165 | D:6      | Reached ** piety under Okawaru
  6682 | D:7      | Found a flagged portal.
  6691 | Bailey   | Entered a bailey
  6788 | Bailey   | Reached skill level 5 in Invocations
  7464 | Bailey   | Reached *** piety under Okawaru
  7469 | Bailey   | Reached skill level 5 in Short Blades
  7469 | Bailey   | Reached skill level 5 in Long Blades
  7469 | Bailey   | Reached skill level 5 in Maces & Flails
  7469 | Bailey   | Reached skill level 5 in Polearms
  7469 | Bailey   | Reached skill level 5 in Staves
  7469 | Bailey   | Reached skill level 5 in Ranged Weapons
  7469 | Bailey   | Reached skill level 5 in Throwing
  7469 | Bailey   | Reached skill level 5 in Dodging
  7469 | Bailey   | Reached skill level 5 in Stealth
  7469 | Bailey   | Reached skill level 5 in Unarmed Combat
  7469 | Bailey   | Reached skill level 5 in Spellcasting
  7469 | Bailey   | Reached skill level 5 in Evocations
  7469 | Bailey   | Reached XP level 10. HP: 37/81 MP: 17/17
  7884 | Bailey   | Noticed an orc knight
  7896 | Bailey   | Killed an orc knight
  8495 | Bailey   | Found an iron altar of Okawaru.
  8760 | Bailey   | Acquired 867 gold pieces
  8777 | Bailey   | Noticed a kobold demonologist
  8780 | Bailey   | Noticed a rust devil
  8788 | Bailey   | Noticed a rust devil
  8789 | Bailey   | Noticed a soul eater
  8799 | Bailey   | Killed a kobold demonologist
  9655 | Bailey   | Noticed an orc high priest
  9661 | Bailey   | Noticed an orange demon
  9670 | Bailey   | HP: 4/82 [poisoned by an orange demon]
  9672 | Bailey   | HP: 1/82 [poisoned by an orange demon]
  9674 | Bailey   | Succumbed to an orange demon's poison

Illustrated notes

Levels and vault maps discovered:
D:1:      nicolae_arrival_somewhat_less_tricky_arrival, layout_rooms,
          shapermc_ecumenical_altar_venn
D:2:      minmay_roachtagon, layout_basic, uniq_terence, uniq_natasha
D:3:      layout_basic
D:4:      layout_basic, ashenzari_altar_1, nemelex_dance_club_becter,
          minmay_hollow_rounded_squares
D:5:      layout_gridville, minmay_temple_entry_glassed_door, nrook_campfire,
          nicolae_fountain_basement
D:6:      cheibrodos_steamvent, layout_loops_corners
D:7:      layout_loops_corners, gammafunk_temple_overflow_elements,
          enter_bailey_8, uniq_prince_ribbit1
Temple:   hellmonk_temple_of_storms
Bailey:   bailey_axe_of_yendor_kennysheep, bailey

Skill      XL: |  1  2  3  4  5  6  7  8  9 10 |
---------------+-------------------------------+-----
Invocations    | 1 2 3 4 5 |  5.9
Short Blades   | 1 2 3 4 5 |  5.3
Long Blades    | 1 2 3 4 5 |  5.3
Maces & Flails | 1 2 3 4 5 |  5.3
Polearms       | 1 2 3 4 5 |  5.3
Staves         | 1 2 3 4 5 |  5.3
Ranged Weapons | 1 2 3 4 5 |  5.3
Throwing       | 1 2 3 4 5 |  5.3
Dodging        | 1 2 3 4 5 |  5.3
Stealth        | 1 2 3 4 5 |  5.3
Unarmed Combat | 1 2 3 4 5 |  5.3
Spellcasting   | 1 2 3 4 5 |  5.3
Evocations     | 1 2 3 4 5 |  5.3
Conjurations   | 1 2 3 4 |  4.4
Hexes          | 1 2 3 4 |  4.4
Summonings     | 1 2 3 4 |  4.4
Necromancy     | 1 2 3 4 |  4.4
Translocations | 1 2 3 4 |  4.4
Transmutations | 1 2 3 4 |  4.4
Fire Magic     | 1 2 3 4 |  4.4
Ice Magic      | 1 2 3 4 |  4.4
Air Magic      | 1 2 3 4 |  4.4
Earth Magic    | 1 2 3 4 |  4.4
Poison Magic   | 1 2 3 4 |  4.4
Axes           | 5 6 7 |  7.1
Fighting       | 7 8 |  8.5
Armour         | 7 8 |  8.5
Shields        | 7 8 |  8.5

Action                   |  1- 3 |  4- 6 |  7- 9 | 10-12 || total
-------------------------+-------+-------+-------+-------++-------
Melee: War axe           |    91 |   137 |   317 |    59 ||   604
       Bite              |     8 |    14 |    27 |     6 ||    55
       Staff             |       |       |    10 |       ||    10
Throw: Dart              |     2 |     8 |       |       ||    10
Invok: Heroism           |       |       |     1 |     1 ||     2
Evoke: Lightning rod     |       |       |     5 |     4 ||     9
       Wand              |       |       |       |     2 ||     2
  Use: Scroll            |       |     1 |     9 |     4 ||    14
       Potion            |       |       |       |     6 ||     6
 Stab: Sleeping          |       |       |     1 |       ||     1
Armor: Scale mail        |    54 |    51 |   115 |    16 ||   236
Dodge: Dodged            |    37 |    44 |    77 |    17 ||   175
Block: Buckler           |    29 |    59 |    37 |       ||   125
       Reflection        |       |     1 |     2 |       ||     3
       Tower shield      |       |       |   325 |    50 ||   375
